 Dungeon Crawl Stone Soup version 0.29-a0-334-gb41bcbb86e (webtiles) character file.

Game seed: 17964830371308822868

307 Dauddaud the Chopper (level 6, -3/55 HPs)
             Began as a Minotaur Berserker on Apr 15, 2022.
             Was a Believer of Trog.
             Slain by a gnoll
             ... wielding the +8 demon trident "Rift" {distort, reach+}
              (8 damage)
             ... on level 3 of the Dungeon.
             The game lasted 00:07:25 (2873 turns).

Dauddaud the Chopper (Minotaur Berserker)           Turns: 2873, Time: 00:07:26

Health: -3/55      AC:  6    Str: 23    XL:     6   Next: 16%
Magic:  5/5        EV: 11    Int:  4    God:    Trog [**....]
Gold:   49         SH:  5    Dex: 10    Spells: 5/5 levels left

rFire   . . .      SeeInvis +   j - +2 trident (venom)
rCold   . . .      Faith    .   (no shield)
rNeg    . . .      Spirit   .   v - +0 ring mail
rPois   .          Reflect  +   (helmet restricted)
rElec   .          Harm     .   (no cloak)
rCorr   .          Rampage  .   o - +0 pair of gloves
Will    .....                   (no boots)
Stlth   +.........              z - amulet of reflection
HPRegen 0.18/turn               q - ring of flight
MPRegen 0.09/turn               y - ring of see invisible

@: on berserk cooldown, flying, slowed, very slow
A: horns 2, retaliatory headbutt
a: Renounce Religion, Berserk, Trog's Hand


You were on level 3 of the Dungeon.
You worshipped Trog.
Trog was pleased with you.
You visited 1 branch of the dungeon, and saw 3 of its levels.

You collected 193 gold pieces.
You spent 144 gold pieces at shops.

Inventory:

Hand Weapons
 a - a +0 hand axe
 j - a +2 trident of venom (weapon)
Missiles
 f - a throwing net (quivered)
Armour
 b - a +0 animal skin
 m - a +0 leather armour
 o - a +0 pair of gloves (worn)
 v - a +0 ring mail (worn)
Jewellery
 q - a ring of flight (left hand)
 y - a ring of see invisible (right hand)
 z - an amulet of reflection (around neck)
Wands
 n - a wand of flame (20)
Scrolls
 c - 3 scrolls of fog
 g - a scroll of teleportation {unknown}
 i - a scroll of immolation {unknown}
 l - a scroll of vulnerability {unknown}
 r - a scroll of silence
 w - a scroll of brand weapon {unknown}
Potions
 d - 5 potions of curing
 e - 2 potions of degeneration {unknown}
 h - 2 potions of flight
 k - a potion of resistance {unknown}
 p - 2 potions of might {unknown}
 s - a potion of ambrosia {unknown}
 t - a potion of heal wounds
 u - a potion of cancellation {unknown}
 x - a potion of lignification {unknown}


   Skills:
 - Level 4.8 Fighting
 - Level 5.0(6.0) Axes
 * Level 4.9(5.9) Polearms
 - Level 3.0 Armour
 - Level 2.6 Dodging
 - Level 0.3 Stealth


You had 5 spell levels left.
You didn't know any spells.
Your spell library was empty.

Dungeon Overview and Level Annotations

Branches:
Dungeon (3/15)

Altars:
Okawaru

Shops:
D:3 [(*!

Portals:
Abyss: D:3

Annotations:
D:3 1 transporter


Innate Abilities, Weirdness & Mutations

You have a pair of horns on your head.
You reflexively headbutt those who attack you in melee.


Message History

You feel yourself moving faster!
You feel mighty!
You barely miss P0WERM0DE's ghost. Your headbutt misses P0WERM0DE's ghost.
You closely miss P0WERM0DE's ghost. You headbutt P0WERM0DE's ghost!
P0WERM0DE's ghost is heavily damaged.
P0WERM0DE's ghost hits you!
You puncture P0WERM0DE's ghost! You headbutt P0WERM0DE's ghost!
P0WERM0DE's ghost is almost destroyed.
P0WERM0DE's ghost barely misses you. The gnoll barely misses you.
You puncture P0WERM0DE's ghost!
You destroy P0WERM0DE's ghost!
Trog accepts your kill.
You have reached level 6!
You reach to attack!
You barely miss the small abomination. You block the gnoll's attack.
You puncture the small abomination!
The small abomination is moderately damaged.
The small abomination hits you.
The gnoll hits you from afar with the +8 demon trident "Rift" {distort, reach+}!
You blink.
You hit the small abomination.
The small abomination is heavily damaged.
You hit the small abomination.
The small abomination is severely damaged.
The small abomination hits you.
The gnoll hits you from afar with the +8 demon trident "Rift" {distort, reach+}!
You blink.
You feel a strong urge to attack something.
You are no longer berserk.
You are exhausted.
You feel yourself slow down. You block the gnoll's attack.
You completely miss the gnoll.
You block the small abomination's attack.
The gnoll hits you with the +8 demon trident "Rift" {distort, reach+}.
Space warps horribly around you! The small abomination hits you!
* * * LOW HITPOINT WARNING * * *
You block the gnoll's attack.
You closely miss the gnoll.
You block the small abomination's attack.
The gnoll hits you with the +8 demon trident "Rift" {distort, reach+}!
You die...

#.....##.####.##.###........#.
#.....#...##...###.#..###.###.
#.....#.....^#∩....#..........
#....##....g###...##..####.###
#...##.#####.##.#.#...# #..#
#...##gg.#.##....##...## ##.#
#....##.##..#©#.##.....# #.#
#.....###..##gx.#©.....# #.##
#..........#.@#.#......####.##
#.........##....###..........#
#.....#####....#..#...#....#.#
#....##.##..###.#.##..........
#...©#5...#.#.##..©#.......#.#
#....####..##..##.##......<#..
#.......####....###.....)..##.
#.......................)))##.
#..........................###


You could see a small abomination and a gnoll.

Vanquished Creatures
  The ghost of P0WERM0DE the Distorting Demonspawn, a weakling DsAK of Lugonu (D:3)
  Jessica (D:2)
  2 orc wizards (D:3)
  Natasha (thrice) (D:2)
  4 adders
  2 dart slugs
  10 orcs (D:3)
  5 bats
  6 endoplasms (D:2)
  6 giant cockroaches
  9 goblins
  2 hobgoblins
  7 kobolds
  A quokka (D:2)
  2 ball pythons (D:3)
  5 frilled lizards
  A rat (D:3)
67 creatures vanquished.

Vanquished Creatures (others)
  2 plants (D:1)
2 creatures vanquished.

Grand Total: 69 creatures vanquished

Notes
Turn   | Place    | Note
-------+----------+-------------------------------------------
     0 | D:1      | Dauddaud the Minotaur Berserker began the quest for the
                  | Orb.
     0 | D:1      | Reached XP level 1. HP: 19/19 MP: 0/0
   552 | D:1      | Reached XP level 2. HP: 27/27 MP: 1/1
   707 | D:2      | Reached skill level 4 in Axes
   847 | D:2      | Noticed Jessica
   853 | D:2      | Reached XP level 3. HP: 32/34 MP: 2/2
   855 | D:2      | Killed Jessica
  1034 | D:2      | Reached XP level 4. HP: 40/41 MP: 3/3
  1070 | D:2      | Reached ** piety under Trog
  1289 | D:2      | Noticed Natasha
  1293 | D:2      | Killed Natasha
  1360 | D:2      | Reached skill level 5 in Axes
  1579 | D:2      | Noticed Natasha
  1583 | D:2      | Killed Natasha
  1584 | D:2      | Reached skill level 1 in Polearms
  1584 | D:2      | Reached XP level 5. HP: 47/47 MP: 4/4
  1637 | D:2      | Found an iron altar of Okawaru.
  1703 | D:2      | Noticed Natasha
  1710 | D:2      | Killed Natasha
  1858 | D:3      | Found Meogh's General Store.
  1859 | D:3      | Noticed P0WERM0DE's ghost (weakling DsAK)
  1861 | D:3      | Found a one-way gate to the infinite horrors of the Abyss.
  1886 | D:3      | Found Bocwura's Distillery.
  1891 | D:3      | Bought a scroll of identify for 28 gold pieces
  1891 | D:3      | Bought 2 scrolls of identify for 56 gold pieces
  1898 | D:3      | Bought a potion of heal wounds for 60 gold pieces
  2360 | D:3      | Found a transporter.
  2364 | D:3      | Found a transporter.
  2417 | D:3      | Found a faded altar of an unknown god.
  2537 | D:3      | Found Riamoghutwo's Antique Weapon Shoppe.
  2537 | D:3      | Found Puqiruun's Antique Armour Shoppe.
  2864 | D:3      | Killed P0WERM0DE's ghost
  2865 | D:3      | Reached XP level 6. HP: 55/55 MP: 5/5
  2873 | D:3      | Slain by a gnoll

Illustrated notes

Levels and vault maps discovered:
D:1:      shiori_arrival_whats_in_store_for_you, layout_basic, serial_bayou,
          serial_bayou_pond_a, serial_bayou_pond_d, serial_bayou_lagoon_a,
          serial_bayou_shore_b, minmay_tripent
D:2:      layout_loops_ring, basic_altar, minmay_joined_circles, uniq_natasha,
          uniq_jessica
D:3:      layout_basic, gammafunk_ghost_abyssal_escape,
          nicolae_ecumenical_snake_handling, serial_shops, shop, shop,
          shop_statue, nicolae_shop_crystal, amcnicky_mini_corridor_feature

Skill      XL: |  1  2  3  4  5 |
---------------+----------------+-----
Fighting       | 4 |  4.8
Axes           | 4 5 |  5.0
Armour         | 3 |  3.0
Polearms       | 1 4 |  4.9
Dodging        | |  2.6
Stealth        | |  0.3

Action                   |  1- 3 |  4- 6 || total
-------------------------+-------+-------++-------
Melee: Hand axe          |    39 |    24 ||    63
       Headbutt          |     2 |    16 ||    18
       Trident           |       |    86 ||    86
       Punch             |       |     1 ||     1
Invok: Berserk           |       |     1 ||     1
  Use: Scroll            |       |     4 ||     4
 Stab: Distracted        |     1 |       ||     1
Armor: Animal skin       |     6 |     2 ||     8
       Leather armour    |       |    21 ||    21
       Ring mail         |       |     3 ||     3
Dodge: Dodged            |    31 |    52 ||    83
Block: Other             |       |     9 ||     9

Table legend: (Time is in decaauts)
 A = Elapsed time spent in this place.
 B = Non-inter-level travel time spent in this place.
 C = Inter-level travel time spent in this place.
 D = Time resting spent in this place.
 E = Time spent auto-exploring this place.
 F = Levels seen in this place.
 G = Mean time per level.
                   A        B        C        D        E       F      G
               +--------+--------+--------+--------+--------+-----+--------+
         Total |   2893 |   2688 |    205 |      0 |   2237 |   3 |  964.3 |
       Dungeon |   2893 |   2688 |    205 |      0 |   2237 |   3 |  964.3 |
               +--------+--------+--------+--------+--------+-----+--------+

Top non-repeatable levels by time:
     D:2: 1104 daAuts
     D:3: 1075 daAuts
     D:1: 713 daAuts
